 Dungeon Crawl Stone Soup version 0.16.1 (webtiles) character file.

588 maniek23 the Insei (level 7, 0/56 HPs)
             Began as a Green Draconian Transmuter on Mar 23, 2015.
             Succumbed to a goblin's poison
             ... on level 4 of the Dungeon.
             The game lasted 00:09:38 (3172 turns).

maniek23 the Insei (Green Draconian Transmuter)     Turns: 3172, Time: 00:09:38

Health: 0/56       AC:  6    Str: 13    XL:     7   Next: 15%
Magic:  11/12      EV: 14    Int: 13    God:
Gold:   174        SH:  0    Dex: 13    Spells: 2 memorised, 7 levels left

rFire  . . .     SeeInvis .     e - +0 mace (drain)
rCold  . . .     Clarity  .     (armour unavailable)
rNeg   . . .     SustAb   .     (no shield)
rPois  +         Gourm    +     (helmet restricted)
rElec  .         Spirit   .     (no cloak)
rCorr  .         Warding  .     (no gloves)
rMut   .         Stasis   .     (no boots)
MR     .....                    y - amulet of the gourmand
Stlth  +++.......               (no ring)
                                v - ring of stealth

@: lethally poisoned (0 -> -57), not resistant to hostile enchantments, fairly
stealthy
A: breathe noxious fumes, unfitting armour, poison resistance, cold-blooded, AC
+6
a: Breathe Noxious Fumes


You were on level 4 of the Dungeon.
You were hungry.

You visited 1 branch of the dungeon, and saw 4 of its levels.

You collected 174 gold pieces.

Inventory:

Hand weapons
 e - a +0 mace of draining (weapon)
 t - a +1 vampiric dagger
 J - a +0 hand axe of electrocution
Missiles
 b - 99 arrows
Jewellery
 v - a ring of stealth (left hand)
 w - an uncursed amulet of stasis
 y - an amulet of the gourmand (around neck)
 F - an uncursed ring of magical power {unknown}
Magical devices
 q - a wand of fireball (2)
Scrolls
 f - a scroll of magic mapping {unknown}
 g - a scroll of recharging {unknown}
 h - 2 scrolls of enchant armour {unknown}
 j - 3 scrolls of identify {unknown}
 k - 2 scrolls of blinking {unknown}
 m - 2 scrolls of noise {unknown}
 o - 6 scrolls of remove curse {unknown}
 p - 3 scrolls of immolation {unknown}
 r - 2 scrolls of teleportation {unknown}
 u - a scroll of enchant weapon {unknown}
 x - a scroll of fear {unknown}
 B - a scroll of random uselessness {unknown}
 E - a scroll of amnesia {unknown}
Potions
 c - a potion of experience {unknown}
 l - 3 potions of magic {unknown}
 s - 2 potions of curing
 z - a potion of lignification {unknown}
 A - 2 potions of brilliance {unknown}
 C - a potion of berserk rage {unknown}
 D - a potion of cancellation {unknown}
 G - a potion of flight {unknown}
Books
 d - a book of Changes

   Spells                             Type                      Level
   a - Beastly Appendage              Transmutation                1
   b - Sticks to Snakes               Transmutation                2
   c - Spider Form                    Transmutation/Poison         3
   d - Ice Form                       Ice/Transmutation            4
   e - Blade Hands                    Transmutation                5
 H - a Grand Grimoire {highlevel, unknown}

   This book is beyond your current level of understanding.

   Spells                             Type                      Level
   a - Aura of Abjuration             Summoning                    6
   b - Summon Greater Demon           Summoning                    7
   c - Malign Gateway                 Summoning/Translocation      7
   d - Summon Horrible Things         Summoning                    8
Comestibles
 a - 4 bread rations
 i - 3 beef jerkies
 n - a meat ration
 I - 5 chunks of flesh


   Skills:
 + Level 2.9 Fighting
 + Level 2.2 Maces & Flails
 + Level 4.3 Dodging
 - Level 2.3 Stealth
 * Level 4.4 Unarmed Combat
 + Level 2.5 Spellcasting
 + Level 2.4 Transmutations
 + Level 1.3 Poison Magic


You had 7 spell levels left.
You knew the following spells:

 Your Spells              Type           Power        Failure   Level  Hunger
a - Beastly Appendage     Trmt           #.....       10%         1    #......
b - Spider Form           Trmt/Pois      #.........   34%         3    ###....


Dungeon Overview and Level Annotations

Branches:
Dungeon (4/15)
 Temple: D:4-7

Altars:
Gozag
Nemelex Xobeh
Vehumet


Innate Abilities, Weirdness & Mutations

You can breathe blasts of noxious fumes.
Your lurid green scales are hard (AC +6).
Your body does not fit into most forms of armour.
Your system is resistant to poisons.
Your cold-blooded metabolism reacts poorly to cold.


Message History

The goblin completely misses you.
The goblin hits you with a dagger of venom.
* * * LOW HITPOINT WARNING * * *
You are more poisoned.
You are too injured to fight recklessly!
You are too injured to fight recklessly!
You hit the goblin.
You kill the goblin!
* * * LOW HITPOINT WARNING * * *
You feel very sick. The goblin completely misses you.
You miss the goblin.
* * * LOW HITPOINT WARNING * * *
You feel very sick.
You hit the goblin.
You kill the goblin!
Your transformation has ended.
Your +0 mace of draining unmelds from your body.
You sense an unholy aura.
You die...

### #....?. .#####
#8.....8 #......
#.......# ##....
#8.....8# ##...
#.......# ......
#8.....8# ......
#)))....# ......
#8@)...8# ####.
#.......# #.
############.......#
#.
#............#######
#. #.........#### #.
#.........# ########
#.........# ........
#.........#
.........
#...†.....#
.........


There were no monsters in sight!

Vanquished Creatures
  Eustachio (D:4)
  A centaur (D:4)
  A giant frog (D:4)
  A scorpion (D:4)
  The ghost of maniek23 the Insei, a weakling DrTm (D:3)
  A worker ant (D:4)
  An orc wizard (D:4)
  Ijyb (D:4)
  Jessica (D:1)
  2 adders (D:2)
  4 worms
  2 giant geckos
  5 orcs
  A ball python (D:1)
  9 hobgoblins
  An ooze (D:2)
  2 quokkas
  A ball python skeleton (D:4)
  8 bats
  4 giant cockroaches
  14 goblins
  6 jackals
  4 kobolds
  9 rats
81 creatures vanquished.

Notes
Turn   | Place    | Note
--------------------------------------------------------------
     0 | D:1      | maniek23, the Draconian Transmuter, began the quest for the Orb.
     0 | D:1      | Reached XP level 1. HP: 16/16 MP: 3/3
     1 | D:1      | Noticed an electric eel
   309 | D:1      | Reached XP level 2. HP: 20/23 MP: 4/4
   844 | D:2      | Noticed Jessica
   856 | D:1      | Killed Jessica
   856 | D:1      | Reached XP level 3. HP: 14/28 MP: 6/6
  1076 | D:2      | Learned a level 3 spell: Spider Form
  1185 | D:2      | Found an opulent altar of Gozag.
  1360 | D:2      | Reached skill level 1 in Maces & Flails
  1360 | D:2      | Reached XP level 4. HP: 32/35 MP: 7/7
  1521 | D:2      | Found a sparkling altar of Nemelex Xobeh.
  1534 | D:2      | Reached skill level 1 in Stealth
  2025 | D:3      | Noticed maniek23's ghost (weakling DrTm)
  2047 | D:3      | Killed maniek23's ghost
  2063 | D:3      | Reached XP level 5. HP: 20/41 MP: 6/9
  2211 | D:3      | Found a radiant altar of Vehumet.
  2598 | D:4      | Noticed Eustachio
  2616 | D:4      | Killed Eustachio
  2616 | D:4      | Reached skill level 4 in Unarmed Combat
  2616 | D:4      | Reached XP level 6. HP: 25/48 MP: 1/10
  3000 | D:4      | Reached skill level 1 in Poison Magic
  3072 | D:4      | Noticed a centaur
  3085 | D:4      | Killed a centaur
  3085 | D:4      | Your scales start taking on a lurid green colour.
  3085 | D:4      | Gained mutation: Your system is resistant to poisons. [draconian maturity]
  3085 | D:4      | Reached XP level 7. HP: 32/56 MP: 5/12
  3153 | D:4      | Noticed Ijyb
  3165 | D:4      | Killed Ijyb
  3172 | D:4      | Succumbed to a goblin's poison

Action                   |  1- 3 |  4- 6 |  7- 9 || total
-------------------------+-------+-------+-------++-------
Melee: Mace              |    71 |    86 |     9 ||   166
       Unarmed           |     8 |    37 |    15 ||    60
 Cast: Beastly Appendage |     1 |     2 |       ||     3
       Spider Form       |     1 |     4 |     1 ||     6
 Stab: Sleeping          |       |     6 |       ||     6
  Eat: Chunk             |     1 |     7 |       ||     8
